 Dungeon Crawl Stone Soup version 0.28-b1-1-g3c77fb2ed1 (webtiles) character file.

Game seed: 10324580580147280620

25 Descartes the Ducker (level 2, -2/13 HPs)
             Began as a Felid Warper on Jan 27, 2022.
             Was a Follower of Qazlal.
             Slain by a ball python (3 damage)
             ... on level 2 of the Dungeon.
             The game lasted 00:01:11 (975 turns).

Descartes the Ducker (Felid Warper)                  Turns: 975, Time: 00:01:12

Health: -2/13      AC:  1    Str:  7    XL:     2   Next: 82%
Magic:  6/6        EV: 16    Int: 14    God:    Qazlal [*.....]
Gold:   39         SH:  1    Dex: 15    Spells: 5/5 levels left
                                        Lives:  0   Deaths: 0

rFire   . . .      SeeInvis +     - Unarmed
rCold   . . .      Faith    .   (shield unavailable)
rNeg    . . .      Spirit   .   (armour unavailable)
rPois   .          Reflect  .   (helmet unavailable)
rElec   .          Harm     .   (cloak unavailable)
rCorr   .          Rampage  .   (gloves unavailable)
Will    .....                   (boots unavailable)
Stlth   +.........              (no amulet)
HPRegen 0.04/turn               (no ring)
MPRegen 0.10/turn               (no ring)

@: constricted, quick
A: very small, claws 1, fangs 3, see invisible, speed 1, shaggy fur 1, stealthy
paws, no weapons or thrown items, no armour, multi-lived
a: Renounce Religion


You were on level 2 of the Dungeon.
You worshipped Qazlal.
Qazlal was aware of your devotion.
You visited 1 branch of the dungeon, and saw 2 of its levels.

You collected 39 gold pieces.

Inventory:

Scrolls
 a - a scroll of blinking
 d - a scroll of teleportation {unknown}
Potions
 b - a potion of degeneration {unknown}
 c - 2 potions of magic {unknown}


   Skills:
 - Level 2.0 Fighting
 + Level 4.9 Dodging
 - Level 2.0 Unarmed Combat
 - Level 2.0 Spellcasting
 - Level 4.4 Translocations


You had 5 spell levels left.
You didn't know any spells.
Your spell library contained the following spells:

 Spells                   Type           Power      Damage    Failure   Level
 Blink                    Tloc           26%        N/A       6%          2
 Gell's Gravitas          Tloc           13%        N/A       12%         3
 Lesser Beckoning         Tloc           13%        N/A       12%         3
 Teleport Other           Tloc           13%        N/A       12%         3
 Manifold Assault         Tloc           13%        N/A       73%         5


Dungeon Overview and Level Annotations

Branches:
Dungeon (2/15)

Altars:
Qazlal

Shops:
D:1 :


Innate Abilities, Weirdness & Mutations

You have sharp claws.
You have razor-sharp teeth.
You have supernaturally acute eyesight. (SInv)
You cover ground quickly. (Speed+)
You are covered in fur. (AC +1)
Your paws help you pounce on unaware monsters.
You are incapable of wielding weapons or throwing items.
You cannot wear armour.
You gain extra lives every three experience levels.


Message History

The ball python grabs you. The ball python constricts you.
There are monsters nearby!
You closely miss the ball python. Your bite misses the ball python.
The kobold hits you with a +0 short sword.
The ball python bites you.
* * * LOW HITPOINT WARNING * * *
The ball python constricts you.
* * * LOW HITPOINT WARNING * * *
You are too injured to fight recklessly!
You are too injured to fight recklessly!
You are too injured to fight recklessly!
You are too injured to fight recklessly!
You are too injured to fight recklessly!
You are too injured to fight recklessly!
You are too injured to fight recklessly!
You are too injured to fight recklessly!
You are too injured to fight recklessly!
You are too injured to fight recklessly!
You are too injured to fight recklessly!
You are too injured to fight recklessly!
You are too injured to fight recklessly!
You are too injured to fight recklessly!
You are too injured to fight recklessly!
You are too injured to fight recklessly!
You are too injured to fight recklessly!
You are too injured to fight recklessly!
You are too injured to fight recklessly!
You are too injured to fight recklessly!
You are too injured to fight recklessly!
You scratch the kobold but do no damage.
The kobold is moderately wounded.
The ball python bites you but does no damage.
The ball python constricts you.
* * * LOW HITPOINT WARNING * * *
The kobold barely misses you.
You scratch the kobold.
You kill the kobold!
Qazlal accepts your kill. The ball python bites you.
You die...

.. .# . .#### g.# ....
####### .... ..# .......
..... #.# ##S......
#.....##.#######@)......
##..<†.^_#....§......
.#.....####....#.#####
#..........!.†....#
..................##
..................#
..................#
<........>........#
..................#


You could see a ball python.

Vanquished Creatures
  A dart slug (D:1)
  An endoplasm (D:1)
  A giant cockroach (D:1)
  2 goblins (D:1)
  3 hobgoblins (D:1)
  4 kobolds
  A quokka (D:1)
  3 ball pythons (D:1)
  3 bats
  3 rats
22 creatures vanquished.

Notes
Turn   | Place    | Note
-------+----------+-------------------------------------------
     0 | D:1      | Descartes the Felid Warper began the quest for the Orb.
     0 | D:1      | Reached XP level 1. HP: 9/9 MP: 4/4
   128 | D:1      | Reached XP level 2. HP: 13/13 MP: 6/6
   347 | D:1      | Found Taepheni's Book Boutique.
   946 | D:2      | Found a faded altar of an unknown god.
   952 | D:2      | Prayed at the altar of an unknown god.
   952 | D:2      | Became a worshipper of Qazlal Stormbringer
   952 | D:2      | Reached * piety under Qazlal
   975 | D:2      | Slain by a ball python

Illustrated notes

Levels and vault maps discovered:
D:1:      eino_arrival_druids_welcome, layout_rooms, serial_shops, shop,
          serial_bayou_lagoon_b
D:2:      layout_rooms, serial_shops, shop, nicolae_shop_stone, shop_scrolls,
          shop, hellmonk_ecumenical_altar_leap_of_faith,
          kennysheep_small_spiral, nrook_loot_triangle, uniq_terence

Skill      XL: |  1 |
---------------+----+-----
Dodging        | 4 |  4.9
Fighting       | |  2.0
Unarmed Combat | |  2.0
Spellcasting   | |  2.0
Translocations | |  4.4

Action                   || total
-------------------------++-------
Melee: Unarmed           ||    58
       Bite              ||     5
       Punch             ||     2
 Stab: Sleeping          ||     4
Armor: Skin              ||     2
Dodge: Dodged            ||    37
Block: Other             ||     1
